 Dungeon Crawl Stone Soup version 0.26-a0-490-gf8362a0c98 (webtiles) character file.

Game seed: 4010296254457061949

207 MrRokkomies the Slasher (level 5, -2/40 HPs)
             Began as an Octopode Chaos Knight on Aug 4, 2020.
             Was a Plaything of Xom.
             Slain by an adder (5 damage)
             ... on level 4 of the Dungeon.
             The game lasted 00:07:56 (10617 turns).

MrRokkomies the Slasher (Octopode Chaos Knight)    Turns: 10617, Time: 00:07:58

Health: -2/40      AC:  1    Str: 12    XL:     5   Next: 85%
Magic:  5/5        EV:  2    Int: 15    God:    Xom [.*....]
Gold:   239        SH:  0    Dex: -18 (9) Spells: 4/4 levels left

rFire    + . .     SeeInvis .   a - +0 falchion (chaos)
rCold    . . .     Faith    .   (no shield)
rNeg     . . .     Spirit   .   (helmet restricted)
rPois    .         Reflect  .   (no amulet)
rElec    .         Harm     .   b - ring of protection from fire
rCorr    .         Rnd*Rage +   (no ring)
MR       .....                  (no ring)
Stlth    ..........             (no ring)
HPRegen  0.13/turn              (no ring)
MPRegen  0.09/turn              (no ring)
                                (no ring)
                                (no ring)

@: confused, lethally poisoned (-2 -> -3), slowed, lost dexterity, heavily
drained, very slow
A: almost no armour, stealthy swim, amphibious, 8 rings, constrict 8, camouflage
1, berserk 1, blink, clumsy 1, robust 1, gelatinous body 1
a: Blink, Renounce Religion


You were on level 4 of the Dungeon.
You worshipped Xom.
You were a plaything of Xom.
You visited 1 branch of the dungeon, and saw 4 of its levels.

You collected 239 gold pieces.

Inventory:

Hand Weapons
 a - a +0 falchion of chaos (weapon)
Missiles
 d - 14 boomerangs (quivered)
 n - 2 atropa-tipped darts
Jewellery
 b - a ring of protection from fire (left tentacle)
Wands
 o - a wand of iceblast (11)
Scrolls
 e - 2 scrolls of teleportation
 g - 3 scrolls of remove curse {unknown}
 i - a scroll of fear
 l - a scroll of magic mapping {unknown}
Potions
 c - a potion of curing
 f - 2 potions of ambrosia
 h - 2 potions of stabbing {unknown}
 j - 2 potions of magic {unknown}
 k - a potion of lignification
 m - a potion of invisibility {unknown}
 p - a potion of resistance {unknown}


   Skills:
 + Level 3.7(2.5) Fighting
 * Level 4.2(3.0) Long Blades
 * Level 4.1(2.9) Dodging
 + Level 2.8(1.7) Stealth


You had 4 spell levels left.
You didn't know any spells.
Your spell library was empty.

Dungeon Overview and Level Annotations

Branches:
Dungeon (4/15)
 Temple: D:4-7

Altars:
Cheibriados
Zin


Innate Abilities, Weirdness & Mutations

You cannot wear most types of armour.
You are very stealthy in the water. (Stealth+)
You are amphibious.
You can wear up to eight rings at the same time.
You can use your tentacles to constrict eight enemies at once.
Your skin changes colour to match your surroundings (Stealth+).
Your rubbery body absorbs attacks. (AC +1, EV +1)
You tend to lose your temper in combat.
You can translocate small distances at will.
You are clumsy. (Dex -2)
You are robust. (+10% HP)


Message History

You miss the adder. Your grab misses the adder.
The adder is severely wounded.
The adder bites you.
* * * LOW HITPOINT WARNING * * *
You are poisoned.
The adder poisons you! The adder bites you.
* * * LOW HITPOINT WARNING * * *
You barely miss the adder. Your grab misses the adder.
The adder is severely wounded.
You feel sick. The adder bites you.
* * * LOW HITPOINT WARNING * * *
The adder bites you but does no damage.
You barely miss the adder. Your grab misses the adder.
The adder is severely wounded.
Xom titters.
You are confused.
The adder looks rather confused.
The adder bites you.
* * * LOW HITPOINT WARNING * * *
The adder bites you.
You die...

#.....
#....#
#....#
#....#
#....#
#....#
#S...#
#@...#
###''###
#......#
#.≈≈.≈.#
+[.)⌠≈.+
+.≈⌠...+
#.≈.≈≈.#
#......#
###''###


You could see an adder (confused).

Vanquished Creatures
  An orc wizard (D:3)
  Robin (D:2)
  7 adders
  An ooze (D:1)
  An adder skeleton (D:3)
  2 worms (D:2)
  A dart slug (D:3)
  2 leopard geckos
  4 orcs (D:3)
  8 bats
  4 giant cockroaches
  15 goblins
  13 hobgoblins
  7 jackals
  A quokka (D:3)
  4 frilled lizards
  6 kobolds
  9 rats
87 creatures vanquished.

Notes
Turn   | Place    | Note
-------+----------+-------------------------------------------
     0 | D:1      | MrRokkomies the Octopode Chaos Knight began the quest for
                  | the Orb.
     0 | D:1      | Reached XP level 1. HP: 16/16 MP: 1/1
   109 | D:1      | Reached XP level 2. HP: 11/21 MP: 2/2
   407 | D:1      | Reached skill level 1 in Stealth
   438 | D:1      | XOM: cloud trail
   576 | D:1      | XOM: divination: detect items
   633 | D:1      | XOM: divination: detect items
   682 | D:1      | Reached XP level 3. HP: 26/26 MP: 3/3
  2095 | D:1      | XOM: scenery: 1 doors close
  2292 | D:1      | XOM: give mutations
  2292 | D:1      | Gained mutation: You are robust. (+10% HP) [Xom's grace]
  2292 | D:1      | Gained mutation: You possess an exceptional clarity of
                  | mind. [Xom's grace]
  2292 | D:1      | Gained mutation: You can translocate small distances at
                  | will. [Xom's grace]
  3136 | D:1      | XOM is BORED!
  3248 | D:1      | XOM: cloud trail
  3407 | D:1      | XOM: god gift: 46 gold pieces
  3821 | D:1      | XOM: god gift: 29 stones
  4320 | D:1      | XOM: god gift: glowing puce potion {god gift}
  5556 | D:1      | Touched by the power of Zot.
  5607 | D:1      | XOM: noise
  5649 | D:1      | Touched by the power of Zot.
  5681 | D:2      | Reached XP level 4. HP: 27/34 MP: 4/4
  6286 | D:2      | Reached XP level 5. HP: 35/39 MP: 5/5
  6307 | D:2      | XOM: chaos cloud
  6355 | D:2      | Noticed Robin
  6584 | D:2      | Killed Robin
  6762 | D:2      | XOM: silly message
  6793 | D:2      | XOM: silly message
  7022 | D:2      | XOM: summons 1 hostile demon
  7446 | D:2      | XOM: summons 2 hostile demons
  7607 | D:2      | XOM: scenery: 1 doors close
  8438 | D:2      | XOM: give mutations
  8438 | D:2      | Gained mutation: You are clumsy. (Dex -2) [Xom's mischief]
  8438 | D:2      | Lost mutation: You possess an exceptional clarity of mind.
                  | [Xom's mischief]
  8438 | D:2      | Gained mutation: You tend to lose your temper in combat.
                  | [Xom's mischief]
  8616 | D:2      | XOM: scenery: 1 doors open
  8630 | D:3      | XOM: silly message
  9178 | D:3      | XOM: cleaving
  9404 | D:3      | Found a glowing silver altar of Zin.
  9405 | D:3      | Found a snail-covered altar of Cheibriados.
  9840 | D:3      | XOM: silly message
  9911 | D:3      | XOM: noise
 10279 | D:3      | XOM: summons 3 hostile demons
 10286 | D:3      | Lost dexterity.
 10617 | D:4      | XOM: confusion (+ monsters)
 10617 | D:4      | Slain by an adder

Illustrated notes

Levels and vault maps discovered:
D:1:      dpeg_arrival_round_b, layout_basic
D:2:      layout_basic, uniq_robin
D:3:      layout_loops_ring, gammafunk_temple_overflow_statue
D:4:      layout_gridville, kennysheep_generic_room_12

Skill      XL: |  1  2  3  4  5 |
---------------+----------------+-----
Stealth        | 1 2 |  2.8
Dodging        | 3 4 |  4.1
Long Blades    | 4 |  4.2
Fighting       | |  3.7

Action                   |  1- 3 |  4- 6 || total
-------------------------+-------+-------++-------
Melee: Falchion          |    61 |   135 ||   196
       Constrict         |    15 |    39 ||    54
       Tentacles         |     9 |    23 ||    32
Throw: Boomerang         |       |     8 ||     8
  Use: Scroll            |     6 |       ||     6
       Potion            |       |     3 ||     3
 Stab: Sleeping          |     7 |     5 ||    12
       Petrified         |       |     3 ||     3
       Confused          |       |     1 ||     1
       Petrifying        |       |     1 ||     1
Armor: Skin              |    11 |    25 ||    36
Dodge: Dodged            |    55 |   115 ||   170
       Rpst.: Falchion   |    14 |    26 ||    40

Table legend: (Time is in decaauts)
 A = Elapsed time spent in this place.
 B = Non-inter-level travel time spent in this place.
 C = Inter-level travel time spent in this place.
 D = Time resting spent in this place.
 E = Time spent auto-exploring this place.
 F = Levels seen in this place.
 G = Mean time per level.
                   A        B        C        D        E       F      G
               +--------+--------+--------+--------+--------+-----+--------+
         Total |  10822 |  10691 |    131 |   7392 |   2662 |   4 | 2705.5 |
       Dungeon |  10822 |  10691 |    131 |   7392 |   2662 |   4 | 2705.5 |
               +--------+--------+--------+--------+--------+-----+--------+

Top non-repeatable levels by time:
     D:1: 5658 daAuts
     D:2: 2990 daAuts
     D:3: 2140 daAuts
     D:4: 33 daAuts
